 Dungeon Crawl Stone Soup version 0.23-a0-642-g3120c2f (console) character file.

9 Duffy the Firebug (level 2, 19/19 HPs)
             Began as a Demonspawn Fire Elementalist on Dec 30, 2018.
             Quit the game on level 1 of the Dungeon.
             The game lasted 00:00:21 (475 turns).

Duffy the Firebug (Demonspawn Fire Elementalist)     Turns: 475, Time: 00:00:21

Health: 19/19      AC:  4    Str:  8    XL:     2   Next: 3%
Magic:  4/5        EV: 12    Int: 16    God:
Gold:   23         SH:  0    Dex: 13    Spells: 4/5 levels left

rFire    . . .     SeeInvis .   c - 2 rations
rCold    . . .     Gourm    .   (no shield)
rNeg     . . .     Faith    .   a - +0 robe
rPois    .         Spirit   .   (no helmet)
rElec    .         Reflect  .   (no cloak)
rCorr    .         Harm     .   (no gloves)
MR       .....                  (no boots)
Stlth    ++........             (no amulet)
HPRegen  0.06/turn              (no ring)
MPRegen  0.09/turn              (no ring)

@: no status effects
A: slimy green scales 1
a: no special abilities


You were on level 1 of the Dungeon.
You were not hungry.

You visited 1 branch of the dungeon, and saw 1 of its levels.

You collected 23 gold pieces.

Inventory:

Armour
 a - a +0 robe (worn)
Scrolls
 e - a scroll of fear {unknown}
 f - 3 scrolls of remove curse {unknown}
Potions
 b - a potion of ambrosia {unknown}
 d - a potion of haste {unknown}
Comestibles
 c - 2 rations (in hand)
 g - 5 chunks of flesh


   Skills:
 - Level 1.7 Dodging
 - Level 1.7 Stealth
 + Level 2.2 Spellcasting
 + Level 1.4 Conjurations
 + Level 2.9 Fire Magic


You had 4 spell levels left.
You knew the following spells:

 Your Spells              Type           Power        Failure   Level  Hunger
h - Flame Tongue          Conj/Fire      #....        9%          1    #......

Your spell library contained the following spells:

 Spells                   Type           Power        Failure   Level  Hunger
 Throw Flame              Conj/Fire      #.....       13%         2    ###....
 Conjure Flame            Conj/Fire      #.......     26%         3    ###....
 Inner Flame              Hex/Fire       #.......     32%         3    ###....
 Sticky Flame             Conj/Fire      #.......     63%         4    #####..
 Fireball                 Conj/Fire      #.........   93%         5    ######.


Dungeon Overview and Level Annotations

Branches:
Dungeon (1/15)

Altars:


Innate Abilities, Weirdness & Mutations

You are partially covered in slimy green scales. (AC +2)


Message History

Found 21 stones and 7 gold pieces.
A frilled lizard is nearby!
You see here 21 stones.
Found a scroll labeled OQOIMI IZAOGA.
Casting: Flame Tongue (safe; 9% risk of failure)
Confirm with . or Enter, or press ? or * to list all spells.
Aiming: Flame Tongue (safe; 9% risk of failure)
Press: ? - help, Shift-Dir - straight line, f - frilled lizard
Aim: a frilled lizard (resting)
The flame tongue hits the frilled lizard.
You kill the frilled lizard!
Casting: Flame Tongue (safe; 9% risk of failure)
Confirm with . or Enter, or press ? or * to list all spells.
You can't see any susceptible monsters within range! (Use Z to cast anyway.)
Casting: Flame Tongue (safe; 9% risk of failure)
Confirm with . or Enter, or press ? or * to list all spells.
You can't see any susceptible monsters within range! (Use Z to cast anyway.)
f - 3 scrolls labeled OQOIMI IZAOGA (gained 1)
You see here 11 poisoned needles.
Are you sure you want to abandon this character and quit the game? (Confirm

..<.##..#..#..#....#####..##...##
....##..#.>....................#
#.####..#.........######.####..#
..# #........###.######.#####.#
..# #..##.....................#
..# #..#########.###.....######
..## #..# #....# #.....# ...#
#..# #....# #.....# ...# #..#
#..@.# #.....# ...# #..#
####...####.....#
...###..#..........(......#
........#.####..$####.....#
........# #..... ......#
#.####..# #....... .......# #.#
#..# #.#.............# #.#
#..#...#.............$. #.#
#..### #........#######


There were no monsters in sight!

Vanquished Creatures
  A dart slug (D:1)
  3 hobgoblins (D:1)
  A bat (D:1)
  A frilled lizard (D:1)
  A goblin (D:1)
7 creatures vanquished.

Notes
Turn   | Place    | Note
-------+----------+-------------------------------------------
     0 | D:1      | Duffy the Demonspawn Fire Elementalist began the quest for
                  | the Orb.
     0 | D:1      | Reached XP level 1. HP: 13/13 MP: 3/3
   407 | D:1      | Gained mutation: You are partially covered in slimy green
                  | scales. (AC +2) [demonic ancestry]
   407 | D:1      | Reached XP level 2. HP: 19/19 MP: 1/5
   475 | D:1      | Quit the game

Vault maps used:
D:1:      dpeg_arrival_boxes_within_box, kennysheep_another_room, minmay_3d_cube

Action                   || total
-------------------------++-------
 Cast: Flame Tongue      ||    11
Armor: Robe              ||     1
Dodge: Dodged            ||     1

Table legend:
 A = Non-vault XP
 B = Vault XP
 C = Vault XP percentage of total XP
 D = Non-vault monster count
 E = Vault monster count
 F = Vault count percentage of total count
                 A         B        C        D         E       F
            +---------+---------+-------+---------+---------+-------
      Total |      10 |       3 |  23.1 |       5 |       2 |  28.6
            +---------+---------+-------+---------+---------+-------
        D:1 |      10 |       3 |  23.1 |       5 |       2 |  28.6
            +---------+---------+-------+---------+---------+-------
